[Event "ICC tourney 2109 (75 10)"]
[Site "Internet Chess Club"]
[Date "2020.11.07"]
[Round "3"]
[White "canary2016"]
[Black "Priccchess"]
[Result "1/2-1/2"]
[ICCResult "Game drawn by mutual agreement"]
[WhiteElo "1914"]
[BlackElo "1783"]
[Opening "Queen's gambit declined"]
[ECO "D30"]
[NIC "QP.08"]
[Time "14:31:43"]
[PlyCount "132"]
[TimeControl "4500+10"]

1. d4 d5 2. c4 e6 3. Nf3 Nf6 4. g3 c6 5. Nbd2 Bd6 6. Bg2 O-O 7. O-O Re8 8.
Qc2 Nbd7 9. e4 dxe4 10. Nxe4 Nxe4 11. Qxe4 Nf6 12. Qe2 h6 13. Rd1 Qe7 14.
Ne5 c5 15. Bf4 g5 16. Be3 Qc7 17. f4 cxd4 18. Bxd4 Bc5 19. fxg5 hxg5 20.
Kh1 Bxd4 21. Rxd4 Rb8 22. Qe3 Nh7 23. Rf1 f6 24. Ng4 Qg7 25. Rd2 e5 26. Nf2
b6 27. Ne4 Bb7 28. Rfd1 f5 29. Rd7 Re7 30. Rd8+ Re8 31. Rxe8+ Rxe8 32. Nd6
Bxg2+ 33. Kxg2 Rf8 34. Qb3 Kh8 35. Rf1 f4 36. Ne4 Qb7 37. Qd3 Nf6 38. Re1
Nxe4 39. Qxe4 Qxe4+ 40. Rxe4 Re8 41. h4 gxh4 42. gxf4 Rg8+ 43. Kh3 exf4 44.
Rxf4 Rg3+ 45. Kh2 Kg7 46. Rxh4 Rd3 47. Rg4+ Kf6 48. Rg2 Ke5 49. Rc2 Kd6 50.
Kg2 Kc5 51. a3 a5 52. Kf2 a4 53. Ke2 Rh3 54. Kf1 Rh1+ 55. Kg2 Rh4 56. Kf3
Rxc4 57. Rd2 Rd4 58. Rc2+ Rc4 59. Re2 Rd4 60. Ke3 Rd8 61. Rc2+ Kb5 62. Ke4
Rd7 63. Ke5 Rd8 64. Ke4 Rd7 65. Ke3 Rd5 66. Ke4 Rd8 { Game drawn by mutual
agreement } 1/2-1/2

[Event "ICC tourney 2109 (75 10)"]
[Site "Internet Chess Club"]
[Date "2020.11.07"]
[Round "3"]
[White "xyzchessdude"]
[Black "bg26723"]
[Result "1-0"]
[ICCResult "Black resigns"]
[WhiteElo "2018"]
[BlackElo "1892"]
[Opening "English: Neo-Catalan accepted"]
[ECO "A13"]
[NIC "RE.10"]
[Time "14:31:42"]
[PlyCount "71"]
[TimeControl "4500+10"]

1. Nf3 d5 2. c4 e6 3. g3 Nf6 4. Bg2 dxc4 5. O-O a6 6. Qc2 Nbd7 7. Rd1 Nb6
8. a4 a5 9. Na3 Bxa3 10. Rxa3 O-O 11. d3 cxd3 12. Raxd3 Qe7 13. Be3 Nbd5
14. Bc5 Qe8 15. Rd4 e5 16. Rxd5 Nxd5 17. Rxd5 Qe6 18. Rxe5 Qa2 19. h4 Rd8
20. Ng5 g6 21. Nxf7 Qxf7 22. Re7 Qf6 23. Qc4+ Kh8 24. e3 Bf5 25. Re8+ Rxe8
26. Bd4 Re5 27. f4 Rae8 28. Qc3 Qf7 29. Bxe5+ Kg8 30. Qxa5 c6 31. Kh2 Bc2
32. Qb4 Ra8 33. a5 Bd3 34. Bc3 Bc4 35. Qd6 Rf8 36. Qd4 { Black resigns }
1-0

[Event "ICC tourney 2109 (75 10)"]
[Site "Internet Chess Club"]
[Date "2020.11.07"]
[Round "3"]
[White "pika0008"]
[Black "jpbaligad"]
[Result "1-0"]
[ICCResult "Black checkmated"]
[WhiteElo "1770"]
[BlackElo "1805"]
[Opening "King's Indian, 3.Nf3"]
[ECO "E90"]
[NIC "KI.20"]
[Time "14:32:32"]
[PlyCount "63"]
[TimeControl "4500+10"]

1. Nf3 Nf6 2. c4 g6 3. d4 Bg7 4. Nc3 O-O 5. e4 d6 6. h3 e5 7. d5 h6 8. Be3
Nbd7 9. Bd3 a6 10. Qd2 Kh7 11. Rc1 Ne8 12. g4 Nc5 13. Bxc5 dxc5 14. Qe3 b6
15. a3 a5 16. Kd2 Nd6 17. Rcg1 Bd7 18. Kc1 Qe7 19. h4 f5 20. exf5 gxf5 21.
gxf5 Bxf5 22. Ne4 Rf7 23. h5 Nxe4 24. Bxe4 Qf6 25. Rg6 Qd8 26. Bxf5 Rxf5
27. Qe4 Rf4 28. Rxg7+ Kxg7 29. Qg6+ Kf8 30. Qxh6+ Ke8 31. Qg6+ Kd7 32. Qe6#
{ Black checkmated } 1-0

[Event "ICC tourney 2109 (75 10)"]
[Site "Internet Chess Club"]
[Date "2020.11.07"]
[Round "3"]
[White "saisneha"]
[Black "andrewf2009"]
[Result "0-1"]
[ICCResult "White resigns"]
[WhiteElo "1847"]
[BlackElo "1741"]
[Opening "QGD"]
[ECO "D52"]
[NIC "SL.06"]
[Time "14:31:42"]
[PlyCount "84"]
[TimeControl "4500+10"]

1. d4 d5 2. c4 e6 3. Nc3 c6 4. Nf3 Nf6 5. Bg5 Nbd7 6. e3 Be7 7. cxd5 cxd5
8. Bd3 O-O 9. O-O b6 10. Rc1 Bb7 11. Qe2 h6 12. Bh4 Rc8 13. Rc2 Ne4 14.
Bxe7 Qxe7 15. Rfc1 Ndf6 16. Ne5 Rc7 17. Nxe4 Rxc2 18. Nxf6+ gxf6 19. Qg4+
Kh8 20. Nxf7+ Qxf7 21. Rxc2 Rg8 22. Qf4 Qg7 23. g3 e5 24. dxe5 fxe5 25. Qf5
e4 26. Bf1 Rf8 27. Qh5 Rf6 28. Qe8+ Rf8 29. Qa4 Qf7 30. Qxa7 d4 31. Qxb6
dxe3 32. Qxh6+ Kg8 33. Bc4 Qxc4 34. Rxc4 exf2+ 35. Kf1 e3 36. Qxe3 Bg2+ 37.
Ke2 f1=Q+ 38. Kd2 Qxc4 39. Qg5+ Kf7 40. Qf5+ Ke7 41. Qe5+ Qe6 42. Qxe6+
Kxe6 { White resigns } 0-1

[Event "ICC tourney 2109 (75 10)"]
[Site "Internet Chess Club"]
[Date "2020.11.07"]
[Round "3"]
[White "Aram99"]
[Black "FL2009"]
[Result "0-1"]
[ICCResult "White resigns"]
[WhiteElo "1642"]
[BlackElo "1846"]
[Opening "QGD semi-Slav"]
[ECO "D43"]
[NIC "QI.01"]
[Time "14:32:27"]
[PlyCount "90"]
[TimeControl "4500+10"]

1. d4 Nf6 2. c4 e6 3. Nf3 d5 4. Nc3 c6 5. a3 Bd6 6. Bg5 O-O 7. e3 Nbd7 8.
Bd3 h6 9. Bh4 b6 10. O-O Bb7 11. Rc1 Rc8 12. Re1 Qc7 13. cxd5 exd5 14. Nb5
Qb8 15. Nxd6 Qxd6 16. Bg3 Qe7 17. Ne5 Ne4 18. Qg4 f5 19. Qf3 Nxe5 20. Bxe5
c5 21. Bxe4 fxe4 22. Qg3 Rf7 23. Bd6 Qf6 24. Be5 Qe6 25. Rc2 Ba6 26. Rec1
Bd3 27. Rc3 c4 28. f4 exf3 29. gxf3 Qf5 30. Kf2 Rcf8 31. f4 Qh5 32. Re1 g6
33. h3 Rf5 34. Kg2 Be4+ 35. Kh2 Kh7 36. Rg1 Qe2+ 37. Rg2 Qxg2+ 38. Qxg2
Bxg2 39. Kxg2 b5 40. h4 g5 41. Rc2 gxf4 42. exf4 Rxf4 43. Bxf4 Rxf4 44. Rd2
Rxh4 45. Kf3 Re4 { White resigns } 0-1

[Event "ICC tourney 2109 (75 10)"]
[Site "Internet Chess Club"]
[Date "2020.11.07"]
[Round "3"]
[White "chessmilano"]
[Black "TacticalVM"]
[Result "1-0"]
[ICCResult "Black checkmated"]
[WhiteElo "1731"]
[BlackElo "1671"]
[Opening "Queen's pawn: London system"]
[ECO "A45"]
[NIC "QP.07"]
[Time "14:31:39"]
[PlyCount "157"]
[TimeControl "4500+10"]

1. d4 Nf6 2. Bf4 c5 3. d5 d6 4. c4 g6 5. Nc3 Bg7 6. e4 O-O 7. Bd3 a6 8. a4
e6 9. Nge2 exd5 10. exd5 Re8 11. O-O Nh5 12. Be3 Nd7 13. Nf4 Nxf4 14. Bxf4
Nf6 15. Qd2 b6 16. Rfe1 Rxe1+ 17. Rxe1 Qd7 18. b3 Bb7 19. h3 Nh5 20. Bh2 f5
21. Re6 Bf8 22. Qe1 Ng7 23. Re3 Re8 24. Rxe8 Qxe8 25. Qd2 Nh5 26. g4 fxg4
27. hxg4 Nf6 28. g5 Ng4 29. Ne4 Nxh2 30. Nf6+ Kf7 31. Kxh2 Qe5+ 32. f4 Qd4
33. Kg3 Qg1+ 34. Kf3 Be7 35. Ng4 b5 36. Nf2 bxc4 37. Bxc4 Qh2 38. Qe3 Qh5+
39. Kg3 Bxg5 40. fxg5 h6 41. Qe6+ Kg7 42. Qe7+ Kg8 43. gxh6 Qe5+ 44. Qxe5
dxe5 45. Ng4 Kh7 46. d6 Bc8 47. Nxe5 Kxh6 48. d7 Bxd7 49. Nxd7 a5 50. Nxc5
Kg5 51. Nb7 Kf6 52. Nxa5 Ke7 53. Nc6+ Kd6 54. Nd4 Kc5 55. Ne6+ Kd6 56. Nf4
g5 57. Nh5 Ke5 58. Kg4 Kd4 59. Kxg5 Kc5 60. Kf5 Kb4 61. Ke5 Kc5 62. Nf6 Kb4
63. Ne4 Ka5 64. Kd5 Kb6 65. b4 Ka7 66. Kc5 Kb7 67. Kb5 Ka7 68. a5 Kb7 69.
Bd5+ Ka7 70. Bc6 Kb8 71. Kb6 Kc8 72. a6 Kd8 73. a7 Ke7 74. a8=Q Ke6 75.
Qe8+ Kf5 76. Qf7+ Kg4 77. Nf2+ Kg3 78. Qf3+ Kh4 79. Qg4# { Black checkmated
} 1-0

[Event "ICC tourney 2109 (75 10)"]
[Site "Internet Chess Club"]
[Date "2020.11.07"]
[Round "3"]
[White "fireheart"]
[Black "Natey"]
[Result "0-1"]
[ICCResult "White checkmated"]
[WhiteElo "1565"]
[BlackElo "1722"]
[Opening "Ruy Lopez: Anderssen variation"]
[ECO "C77"]
[NIC "RL.12"]
[Time "14:32:32"]
[PlyCount "106"]
[TimeControl "4500+10"]

1. e4 e5 2. Nf3 Nc6 3. Bb5 a6 4. Ba4 Nf6 5. d3 b5 6. Bb3 Bc5 7. c3 d6 8.
Nbd2 O-O 9. Nf1 Re8 10. Ng3 d5 11. Qe2 d4 12. O-O Be6 13. Nh4 Qd7 14. Nhf5
Bxf5 15. Nxf5 Ne7 16. g4 Nxf5 17. gxf5 Rad8 18. Rd1 Kh8 19. Bg5 Qe7 20. Kh1
h6 21. Bh4 dxc3 22. bxc3 Rd6 23. Rd2 Red8 24. Bg3 b4 25. cxb4 Bxb4 26. Rdd1
Rd4 27. Bc4 Qd6 28. f3 Kg8 29. Bf2 Nh5 30. Bxd4 Qxd4 31. Rab1 Bc5 32. Bxa6
Nf4 33. Qe1 Qa4 34. Bc4 Qc2 35. Qd2 Qa4 36. Rb5 Be3 37. Qe1 Qc2 38. Qf1 Nh3
39. Bb3 Nf2+ 40. Kg2 Qc6 41. Rb1 Qf6 42. Qe2 Qg5+ 43. Kf1 Nxe4 44. Ke1 Qg1+
45. Qf1 Bf2+ 46. Ke2 Nc3+ 47. Kd2 Nxb1+ 48. Ke2 Nc3+ 49. Kd2 Qxf1 50. Kxc3
Qxd3+ 51. Kb4 Be1+ 52. Kc5 Qd6+ 53. Kc4 Qd4# { White checkmated } 0-1

[Event "ICC tourney 2109 (75 10)"]
[Site "Internet Chess Club"]
[Date "2020.11.07"]
[Round "3"]
[White "Goldenmaknae"]
[Black "greenninja"]
[Result "0-1"]
[ICCResult "White resigns"]
[WhiteElo "1865"]
[BlackElo "1993"]
[Opening "Grünfeld with Bf4 & e3"]
[ECO "D93"]
[NIC "GI.03"]
[Time "14:31:38"]
[PlyCount "142"]
[TimeControl "4500+10"]

1. d4 Nf6 2. c4 g6 3. Nc3 d5 4. Bf4 Bg7 5. e3 O-O 6. Nf3 c5 7. dxc5 Qa5 8.
Qd2 dxc4 9. Bxc4 Nc6 10. O-O Qxc5 11. Bb3 Rd8 12. Qe2 Nh5 13. Rac1 Nxf4 14.
exf4 Bg4 15. Qe3 Qxe3 16. fxe3 Na5 17. Rfd1 Nxb3 18. axb3 Be6 19. b4 Rxd1+
20. Rxd1 Rc8 21. Nb5 a6 22. Nbd4 Bd7 23. b3 Be8 24. Kf2 h6 25. h3 Rc3 26.
Ke2 e6 27. Kd2 Rc8 28. Rc1 Rxc1 29. Kxc1 Bf8 30. Nc2 Bc6 31. Nfe1 Bd5 32.
Kb2 Bg7+ 33. Nd4 Bxd4+ 34. exd4 Kg7 35. g3 Kf6 36. Nd3 Kf5 37. Nf2 g5 38.
fxg5 Kxg5 39. Kc3 f5 40. Nd3 h5 41. Kd2 Bxb3 42. Ke3 b6 43. Ne5 a5 44. h4+
Kf6 45. bxa5 bxa5 46. Nd7+ Kg6 47. Nc5 Bd5 48. Kf4 Kf6 49. Ke3 Be4 50. Kd2
Bc6 51. Kc3 e5 52. dxe5+ Kxe5 53. Nd3+ Ke4 54. Nf4 Be8 55. Ne6 Kf3 56. Ng7
Bg6 57. Ne6 Kxg3 58. Nf8 Bf7 59. Nd7 Kxh4 60. Ne5 Be6 61. Nf3+ Kg4 62. Nd4
Bd7 63. Kd2 h4 64. Ke1 a4 65. Nc2 Kg3 66. Kf1 h3 67. Nd4 h2 68. Ne2+ Kh3
69. Nf4+ Kg4 70. Kg2 Kxf4 71. Kxh2 a3 { White resigns } 0-1

[Event "ICC tourney 2109 (75 10)"]
[Site "Internet Chess Club"]
[Date "2020.11.07"]
[Round "3"]
[White "hpu2005"]
[Black "corviknight"]
[Result "1-0"]
[ICCResult "Black checkmated"]
[WhiteElo "1970"]
[BlackElo "1800"]
[Opening "QGD Slav: 4.e3"]
[ECO "D11"]
[NIC "SL.01"]
[Time "14:32:10"]
[PlyCount "97"]
[TimeControl "4500+10"]

1. d4 d5 2. c4 c6 3. Nf3 Nf6 4. e3 g6 5. Nc3 Bg7 6. b3 O-O 7. Bb2 e6 8. Bd3
Nbd7 9. O-O b6 10. Rc1 Bb7 11. Qe2 c5 12. Rfd1 Qe7 13. cxd5 exd5 14. Bb5
Rad8 15. Na4 Ne4 16. dxc5 Ndxc5 17. Bxg7 Kxg7 18. Nd4 Rc8 19. Qb2 Qf6 20.
b4 Nxa4 21. Bxa4 Nd6 22. Bd7 Nc4 23. Qe2 Rc7 24. Bg4 Re8 25. Nb5 Rce7 26.
Bf3 Re5 27. Nc3 Qe6 28. Nxd5 Bxd5 29. Bxd5 Rxd5 30. Rxd5 Qxd5 31. Rxc4 Qf5
32. g3 Rd8 33. Kg2 b5 34. Rc5 Qe4+ 35. Qf3 Qxb4 36. Rc7 Rf8 37. Rxa7 Qc4
38. h4 b4 39. h5 b3 40. axb3 Qxb3 41. Qc6 Qd3 42. Ra6 Qf5 43. Qc3+ Kg8 44.
h6 f6 45. Qb3+ Kh8 46. Qb7 Rg8 47. Ra8 Qd7 48. Qxd7 Rxa8 49. Qg7# { Black
checkmated } 1-0

[Event "ICC tourney 2109 (75 10)"]
[Site "Internet Chess Club"]
[Date "2020.11.07"]
[Round "3"]
[White "RisingRook"]
[Black "irisl"]
[Result "0-1"]
[ICCResult "White resigns"]
[WhiteElo "1941"]
[BlackElo "1505"]
[Opening "Giuoco Pianissimo"]
[ECO "C50"]
[NIC "IG.02"]
[Time "14:31:40"]
[PlyCount "108"]
[TimeControl "4500+10"]

1. e4 e5 2. Nf3 Nc6 3. Bc4 Bc5 4. d3 d6 5. O-O Nf6 6. c3 a6 7. a4 Ba7 8.
Nbd2 O-O 9. h3 h6 10. Re1 Be6 11. b4 Qd7 12. Bxe6 Qxe6 13. b5 axb5 14. axb5
Bxf2+ 15. Kxf2 Rxa1 16. bxc6 bxc6 17. Qb3 Qxb3 18. Nxb3 Ra2+ 19. Re2 Rfa8
20. g4 Nd7 21. Rxa2 Rxa2+ 22. Bd2 d5 23. Ke3 f6 24. Nh4 Kf7 25. Nf5 Ra8 26.
Bc1 Rb8 27. Na5 Rb6 28. Kf3 Nb8 29. c4 d4 30. Ke2 c5 31. Kd1 Na6 32. Bd2
Nb4 33. Bxb4 cxb4 34. Kc2 Ra6 35. Nb7 Ra2+ 36. Kb3 Ra3+ 37. Kxb4 Rxd3 38.
Nd8+ Kg8 39. Ne6 Rxh3 40. Nxc7 Rh1 41. c5 g6 42. Ne7+ Kf7 43. Ned5 Rb1+ 44.
Kc4 h5 45. gxh5 gxh5 46. Nb5 h4 47. c6 Rc1+ 48. Nbc3 Rxc3+ 49. Nxc3 dxc3
50. Kxc3 Ke7 51. Kd3 h3 52. Ke2 h2 53. c7 Kd7 54. Kf2 h1=Q { White resigns
} 0-1

[Event "ICC tourney 2109 (75 10)"]
[Site "Internet Chess Club"]
[Date "2020.11.07"]
[Round "3"]
[White "drberkley"]
[Black "rmauskopf24"]
[Result "1-0"]
[ICCResult "Black resigns"]
[WhiteElo "1922"]
[BlackElo "1727"]
[Opening "Sicilian: Grand Prix attack"]
[ECO "B23"]
[NIC "SI.44"]
[Time "14:31:47"]
[PlyCount "149"]
[TimeControl "4500+10"]

1. e4 c5 2. Nc3 Nc6 3. f4 g6 4. Nf3 Bg7 5. Bb5 Nd4 6. O-O a6 7. Bd3 e6 8.
e5 Nxf3+ 9. Qxf3 d5 10. exd6 Qxd6 11. Ne4 Qb6 12. Kh1 Ne7 13. c3 Qc7 14.
Bc2 O-O 15. d3 Nd5 16. Bd2 b5 17. Qf2 c4 18. d4 Bb7 19. Qh4 Rae8 20. Rae1
Qc6 21. Rf3 f5 22. Nc5 Ba8 23. Rf2 Nf6 24. Rfe2 Nd7 25. Nxd7 Qxd7 26. Qf2
Bd5 27. Re3 Bf6 28. Bd1 Rf7 29. Bf3 Rfe7 30. Kg1 Rg7 31. Qe2 Kf7 32. Kf2
Re7 33. Bxd5 Qxd5 34. Qf3 Kf8 35. Bc1 h6 36. b3 cxb3 37. Qxd5 exd5 38. Ba3
bxa2 39. Bxe7+ Rxe7 40. Rxe7 Bxe7 41. Ra1 b4 42. cxb4 Bxb4 43. Rxa2 a5 44.
Ke2 Ke7 45. Kd3 Kd6 46. Re2 a4 47. Kc2 Kd7 48. g3 Bd6 49. Rg2 Ke6 50. Kb2
Kd7 51. Ka2 Ke6 52. Re2+ Kd7 53. Rc2 Kd8 54. Rc6 Kd7 55. Ra6 a3 56. Ra7+
Ke6 57. Rh7 Bf8 58. Kb3 Kf6 59. Ra7 Ke6 60. Kc3 Bd6 61. Ra8 Kf7 62. Rd8 Ke7
63. Rh8 h5 64. Ra8 Ke6 65. Re8+ Kf7 66. Re2 Kf6 67. h4 Kf7 68. Kb3 Be7 69.
Re5 Bf6 70. Rxd5 Ke6 71. Kc4 Be7 72. Ra5 Kf6 73. Ra6+ Kf7 74. Kd5 a2 75.
Rxa2 { Black resigns } 1-0

[Event "ICC tourney 2109 (75 10)"]
[Site "Internet Chess Club"]
[Date "2020.11.07"]
[Round "3"]
[White "advaith06"]
[Black "pawnpush202044"]
[Result "1/2-1/2"]
[ICCResult "Game drawn by mutual agreement"]
[WhiteElo "1959"]
[BlackElo "1900"]
[Opening "QGD: exchange, positional line"]
[ECO "D35"]
[NIC "QO.16"]
[Time "14:31:39"]
[PlyCount "108"]
[TimeControl "4500+10"]

1. d4 d5 2. c4 e6 3. Nc3 Nf6 4. cxd5 exd5 5. Bg5 Be7 6. e3 c6 7. Bd3 O-O 8.
Qc2 Nbd7 9. Nge2 h6 10. Bh4 Re8 11. O-O Ne4 12. Bxe7 Qxe7 13. Rae1 Ndf6 14.
f3 Nxc3 15. Nxc3 Qd6 16. h3 Nh5 17. g4 Nf6 18. Qh2 Qxh2+ 19. Kxh2 Be6 20.
Kg3 Rad8 21. Rc1 b6 22. Ne2 Bd7 23. Kf2 Re7 24. Ng3 g6 25. Rc3 Rde8 26. e4
dxe4 27. fxe4 Kg7 28. Bb1 Nh7 29. Rd1 Ng5 30. Kg2 Ne6 31. b4 Rh8 32. Ra3
Nf4+ 33. Kh2 h5 34. gxh5 Nxh5 35. Nxh5+ Rxh5 36. Rxa7 Rxh3+ 37. Kg2 Rc3 38.
Kf2 Kf6 39. d5 Bg4 40. Rxe7 Kxe7 41. Rd4 cxd5 42. Rxd5 Bd7 43. Bd3 Be6 44.
Rd4 Bxa2 45. Ke2 Be6 46. Kd2 Rc7 47. Bb5 f6 48. Rd3 Bd7 49. Ba6 Bc6 50. Rc3
Kd6 51. Ke3 g5 52. Rd3+ Ke7 53. Rc3 Kd8 54. Rd3+ Ke7 { Game drawn by mutual
agreement } 1/2-1/2

[Event "ICC tourney 2109 (75 10)"]
[Site "Internet Chess Club"]
[Date "2020.11.07"]
[Round "4"]
[White "VincentT2008"]
[Black "Aram99"]
[Result "0-1"]
[ICCResult "White resigns"]
[WhiteElo "1736"]
[BlackElo "1718"]
[Opening "Grünfeld: exchange variation"]
[ECO "D85"]
[NIC "GI.04"]
[Time "18:02:00"]
[PlyCount "52"]
[TimeControl "4500+10"]

1. d4 Nf6 2. c4 g6 3. Nc3 d5 4. cxd5 Nxd5 5. e4 Nxc3 6. bxc3 Bg7 7. Be3 O-O
8. Nf3 c5 9. Rc1 cxd4 10. cxd4 Nc6 11. d5 Ne5 12. Nxe5 Bxe5 13. f4 Bg7 14.
Be2 e5 15. fxe5 Bxe5 16. Bh6 Qh4+ 17. g3 Bxg3+ 18. Kf1 Qxh6 19. Bf3 b6 20.
hxg3 Qe3 21. Kg2 Ba6 22. Rh4 Rac8 23. Rxc8 Rxc8 24. d6 Rc1 25. Qa4 Bf1+ 26.
Kh1 Qxf3+ { White resigns } 0-1

[Event "ICC tourney 2109 (75 10)"]
[Site "Internet Chess Club"]
[Date "2020.11.07"]
[Round "4"]
[White "TheSuperKing"]
[Black "Goran21"]
[Result "0-1"]
[ICCResult "White checkmated"]
[WhiteElo "1717"]
[BlackElo "2028"]
[Opening "Sicilian: Najdorf, Byrne (English) attack"]
[ECO "B90"]
[NIC "SI.14"]
[Time "18:01:51"]
[PlyCount "188"]
[TimeControl "4500+10"]

1. e4 c5 2. Nf3 d6 3. d4 cxd4 4. Nxd4 Nf6 5. Nc3 a6 6. Be3 e5 7. Nb3 Be7 8.
f3 Be6 9. Qd2 O-O 10. O-O-O Qc7 11. g4 Nbd7 12. h4 b5 13. h5 b4 14. Ne2
Rfc8 15. Kb1 a5 16. g5 Ne8 17. g6 a4 18. Nbc1 b3 19. Nc3 Rab8 20. cxb3 axb3
21. a3 Ndf6 22. h6 fxg6 23. hxg7 Ra8 24. Bd3 Bc4 25. Bxc4+ Qxc4 26. Qd3 Qf7
27. Nd5 Nxd5 28. Qxd5 Qxd5 29. Rxd5 Nxg7 30. Nxb3 Rab8 31. Na5 Ne6 32. Rhd1
Nc7 33. R5d2 Nb5 34. Ka1 Bd8 35. Nb3 Nxa3 36. bxa3 Rxb3 37. Rd3 Rxd3 38.
Rxd3 Rc6 39. Kb2 h5 40. Kb3 h4 41. a4 Ba5 42. Bd2 Bb6 43. f4 Bd4 44. fxe5
Bxe5 45. Rh3 Bf6 46. Rf3 Bd8 47. a5 g5 48. Rf5 h3 49. Rf3 g4 50. Rf1 g3 51.
Rg1 g2 52. Bf4 Bxa5 53. Bh2 Bb6 54. Rd1 Kf7 55. Kb4 Rc2 56. Rd3 g1=Q 57.
Bxg1 Bxg1 58. Rxh3 Bc5+ 59. Kb5 Re2 60. Rh4 Kg6 61. Rf4 Kg5 62. Rf5+ Kg4
63. Kc6 Rxe4 64. Rf7 Rf4 65. Rd7 Kf3 66. Kd5 Rf5+ 67. Kc4 Re5 68. Kd3 Rd5+
69. Kc4 Rd4+ 70. Kb5 Ke4 71. Kc6 Rc4 72. Kb5 Rb4+ 73. Kc6 Rb6+ 74. Kc7 Ra6
75. Re7+ Kd4 76. Re6 Ra7+ 77. Kc6 Ra6+ 78. Kc7 Kd5 79. Rh6 Ra7+ 80. Kd8 Kc6
81. Rg6 Rh7 82. Re6 Kb5 83. Rf6 d5 84. Rf5 Kc4 85. Rf4+ d4 86. Ke8 Kc3 87.
Rf1 d3 88. Rd1 d2 89. Rxd2 Kxd2 90. Kd8 Kc3 91. Kc8 Kc4 92. Kb8 Kd5 93. Kc8
Kc6 94. Kd8 Rh8# { White checkmated } 0-1

[Event "ICC tourney 2109 (75 10)"]
[Site "Internet Chess Club"]
[Date "2020.11.07"]
[Round "4"]
[White "joeandjoe56"]
[Black "PearsonH"]
[Result "1/2-1/2"]
[ICCResult "Game drawn by mutual agreement"]
[WhiteElo "1752"]
[BlackElo "1770"]
[Opening "French: Tarrasch, open variation"]
[ECO "C07"]
[NIC "FR.19"]
[Time "18:02:01"]
[PlyCount "47"]
[TimeControl "4500+10"]

1. e4 e6 2. d4 d5 3. Nd2 c5 4. exd5 Qxd5 5. Ngf3 cxd4 6. Bc4 Qd6 7. O-O Nf6
8. Re1 Nc6 9. Nb3 a6 10. a4 Bd7 11. Nbxd4 Nxd4 12. Qxd4 Qxd4 13. Nxd4 Rc8
14. Bd3 Bc5 15. Nb3 Bb6 16. Be3 Bxe3 17. Rxe3 O-O 18. c3 Nd5 19. Ree1 Rfd8
20. Nd4 Ne7 21. f3 Nc6 22. Nb3 Ne7 23. Be4 Bc6 24. Kf2 { Game drawn by
mutual agreement } 1/2-1/2

[Event "ICC tourney 2109 (75 10)"]
[Site "Internet Chess Club"]
[Date "2020.11.07"]
[Round "4"]
[White "Vish1080"]
[Black "poohfur"]
[Result "1-0"]
[ICCResult "Black resigns"]
[WhiteElo "1805"]
[BlackElo "1689"]
[Opening "English opening: Agincourt variation"]
[ECO "A13"]
[NIC "QP.09"]
[Time "18:02:02"]
[PlyCount "73"]
[TimeControl "4500+10"]

1. Nf3 d5 2. c4 e6 3. e3 c5 4. d4 Nc6 5. Nc3 Nf6 6. Be2 Bd6 7. O-O O-O 8.
b3 b6 9. Bb2 Bb7 10. Nb5 Ne4 11. Nxd6 Qxd6 12. Ne5 cxd4 13. Nxc6 f6 14.
Nxd4 Rfd8 15. Qc2 e5 16. Nb5 Qc6 17. Rac1 a6 18. Na3 Rac8 19. cxd5 Qxd5 20.
Bc4 Rxc4 21. Qxc4 b5 22. Qxd5+ Bxd5 23. Rfd1 Rd7 24. f3 Ng5 25. h4 Ne6 26.
e4 Bc6 27. Rxd7 Bxd7 28. Nc2 Nf4 29. Rd1 Be6 30. Kf2 Kf7 31. Ne3 a5 32. g3
Ng6 33. Nf5 Bxf5 34. exf5 Ne7 35. g4 g6 36. fxg6+ hxg6 37. Rd6 { Black
resigns } 1-0

[Event "ICC tourney 2109 (75 10)"]
[Site "Internet Chess Club"]
[Date "2020.11.07"]
[Round "4"]
[White "pianoboy"]
[Black "Roger436"]
[Result "0-1"]
[ICCResult "White resigns"]
[WhiteElo "1863"]
[BlackElo "1758"]
[Opening "King's Indian: Makagonov system (5.h3)"]
[ECO "E71"]
[NIC "KI.20"]
[Time "18:02:08"]
[PlyCount "68"]
[TimeControl "4500+10"]

1. d4 Nf6 2. c4 g6 3. Nc3 Bg7 4. e4 d6 5. h3 O-O 6. Nf3 e5 7. d5 a5 8. Be3
Na6 9. Bd3 Nc5 10. Bc2 Nh5 11. a3 Nf4 12. O-O f5 13. b4 axb4 14. axb4 Rxa1
15. Qxa1 fxe4 16. Nxe4 Ne2+ 17. Kh2 Rxf3 18. bxc5 Qh4 19. Ng5 Rxe3 20. fxe3
Qg3+ 21. Kh1 Qxg5 22. Re1 Qxe3 23. cxd6 cxd6 24. Qa5 Bxh3 25. Rxe2 Qxe2 26.
gxh3 Qxc2 27. Qd8+ Bf8 28. Qf6 Qxc4 29. Qe6+ Kg7 30. Qd7+ Kh6 31. Qxb7 Qf1+
32. Kh2 e4 33. h4 Bg7 34. Kg3 Be5+ { White resigns } 0-1

[Event "ICC tourney 2109 (75 10)"]
[Site "Internet Chess Club"]
[Date "2020.11.07"]
[Round "4"]
[White "Arsalchess"]
[Black "DanielA1926"]
[Result "1-0"]
[ICCResult "Black checkmated"]
[WhiteElo "1918"]
[BlackElo "1547"]
[Opening "Sicilian: Najdorf"]
[ECO "B90"]
[NIC "SI.14"]
[Time "18:01:48"]
[PlyCount "57"]
[TimeControl "4500+10"]

1. e4 c5 2. Nf3 d6 3. d4 cxd4 4. Nxd4 Nf6 5. Nc3 a6 6. f3 e6 7. Be3 Be7 8.
Qd2 O-O 9. O-O-O b5 10. g4 Bb7 11. h4 Nfd7 12. g5 d5 13. exd5 exd5 14. Nf5
Nc5 15. Nxd5 Bxd5 16. Qxd5 Nbd7 17. Bxc5 Nxc5 18. Qe5 Bxg5+ 19. hxg5 Qxg5+
20. Kb1 Rfe8 21. Qxc5 Rac8 22. Rg1 Rxc5 23. Rxg5 Rce5 24. Rxg7+ Kh8 25.
Rxf7 Re1 26. Kc1 Rxd1+ 27. Kxd1 Rd8+ 28. Bd3 Rd5 29. Rf8# { Black
checkmated } 1-0

[Event "ICC tourney 2109 (75 10)"]
[Site "Internet Chess Club"]
[Date "2020.11.07"]
[Round "4"]
[White "chessisthebest1"]
[Black "alexsaidfeghhi"]
[Result "0-1"]
[ICCResult "White resigns"]
[WhiteElo "1840"]
[BlackElo "1936"]
[Opening "Alekhine's defense: modern, Panov variation"]
[ECO "B05"]
[NIC "AL.03"]
[Time "18:01:54"]
[PlyCount "52"]
[TimeControl "4500+10"]

1. e4 Nf6 2. e5 Nd5 3. d4 d6 4. Nf3 Bg4 5. h3 Bh5 6. c4 Nb6 7. exd6 exd6 8.
Be2 Nc6 9. O-O Be7 10. b3 O-O 11. Bb2 Bf6 12. Nbd2 Re8 13. Re1 d5 14. c5
Nd7 15. Rc1 Nf8 16. Nf1 Bxf3 17. gxf3 Ne6 18. Bb5 Nf4 19. Ng3 Rxe1+ 20.
Qxe1 Bxd4 21. Bxc6 Bxf2+ 22. Kxf2 Nd3+ 23. Kf1 Nxe1 24. Bxb7 Nd3 25. Bxa8
Nxc1 26. Bxc1 Qxa8 { White resigns } 0-1

[Event "ICC tourney 2109 (75 10)"]
[Site "Internet Chess Club"]
[Date "2020.11.07"]
[Round "4"]
[White "clair"]
[Black "wangfang75"]
[Result "0-1"]
[ICCResult "White checkmated"]
[WhiteElo "1625"]
[BlackElo "1861"]
[Opening "Queen's pawn, Mason variation"]
[ECO "D00"]
[NIC "QP.08"]
[Time "18:02:02"]
[PlyCount "136"]
[TimeControl "4500+10"]

1. d4 d5 2. Bf4 Nf6 3. e3 c6 4. Nd2 Qb6 5. Rb1 Bf5 6. Ngf3 Nbd7 7. Nh4 Bg4
8. f3 Be6 9. Bd3 Nh5 10. Bg3 Nxg3 11. hxg3 c5 12. c3 Qc7 13. f4 c4 14. Bc2
Nf6 15. Qf3 b5 16. e4 Bg4 17. Qf2 dxe4 18. Nxe4 Qc6 19. Nxf6+ Qxf6 20. O-O
e6 21. a3 Bd6 22. Rfe1 O-O 23. Qe3 h6 24. Be4 Rab8 25. Nf3 a5 26. Ne5 Bxe5
27. fxe5 Qg5 28. Qxg5 hxg5 29. Bf3 Bf5 30. Be4 Bxe4 31. Rxe4 Kh7 32. Kf2
Kg6 33. Rh1 b4 34. axb4 axb4 35. Ke3 bxc3 36. bxc3 Rb2 37. Kf3 Rc2 38. Re3
Rb8 39. g4 Rb3 40. Rhe1 Rcxc3 41. Rxc3 Rxc3+ 42. Re3 Rb3 43. g3 c3 44. Ke2
c2 45. Rxb3 c1=Q 46. Rd3 Qc2+ 47. Rd2 Qe4+ 48. Kf2 Qxg4 49. Rd3 Qe4 50. Rd2
g4 51. d5 Qf3+ 52. Ke1 Qxg3+ 53. Kd1 exd5 54. e6 fxe6 55. Kc2 Qe3 56. Rd3
Qxd3+ 57. Kxd3 e5 58. Ke3 d4+ 59. Ke4 g3 60. Kf3 d3 61. Kxg3 d2 62. Kf2
d1=Q 63. Kg3 Qe2 64. Kh4 Kf5 65. Kh3 Qg4+ 66. Kh2 Kf4 67. Kh1 Kf3 68. Kh2
Qg2# { White checkmated } 0-1